 Dungeon Crawl Stone Soup version 0.26-a0-712-ga5a9c9c9d0 (webtiles) character file.

Game seed: 16975811873508808828

14 Lanoc the Ducker (level 2, 0/18 HPs)
             Began as a Deep Elf Abyssal Knight on Nov 5, 2020.
             Was a Follower of Lugonu.
             Slain by a hobgoblin (4 damage)
             ... on level 2 of the Dungeon.
             The game lasted 00:00:59 (379 turns).

Lanoc the Ducker (Deep Elf Abyssal Knight)           Turns: 379, Time: 00:01:00

Health: 0/18       AC:  3    Str:  9    XL:     2   Next: 27%
Magic:  5/5        EV: 12    Int: 16    God:    Lugonu [*.....]
Gold:   29         SH:  0    Dex: 14    Spells: 1/1 levels left

rFire    . . .     SeeInvis .   a - +1 short sword
rCold    . . .     Faith    .   (no shield)
rNeg     . . .     Spirit   .   b - +0 leather armour
rPois    .         Reflect  .   (no helmet)
rElec    .         Harm     .   (no cloak)
rCorr    .         Rampage  .   (no gloves)
MR       .....                  (no boots)
Stlth    +.........             (no amulet)
HPRegen  0.06/turn              (no ring)
MPRegen  0.09/turn              (no ring)

@: no status effects
A: no striking features
a: Depart the Abyss, Renounce Religion


You were on level 2 of the Dungeon.
You worshipped Lugonu.
Lugonu was aware of your devotion.
You visited 1 branch of the dungeon, and saw 2 of its levels.
You visited the Abyss 1 time.

You collected 29 gold pieces.

Inventory:

Hand Weapons
 a - a +1 short sword (weapon)
Armour
 b - a +0 leather armour (worn)
Scrolls
 c - a scroll of enchant weapon {unknown}
 d - 2 scrolls of teleportation {unknown}
 e - a scroll of remove curse {unknown}
 f - a scroll of magic mapping {unknown}
Potions
 g - a potion of lignification {unknown}


   Skills:
 + Level 2.6 Fighting
 - Level 2.0 Short Blades
 - Level 0.7 Armour
 + Level 2.9 Dodging
 + Level 2.4 Invocations


You had one spell level left.
You didn't know any spells.
Your spell library was empty.

Dungeon Overview and Level Annotations

Branches:
Dungeon (2/15)

Altars:


Message History

The ooze hits you.
* * * LOW HITPOINT WARNING * * *
You hit the ooze.
The ooze is severely wounded.
The ooze hits you but does no damage.
You hit the ooze.
You kill the ooze!
Lugonu accepts your kill.
g - a viscous purple potion You start resting.
A hobgoblin comes into view.
You hit the hobgoblin but do no damage. The hobgoblin hits you.
* * * LOW HITPOINT WARNING * * *
You hit the hobgoblin.
The hobgoblin is severely wounded.
The hobgoblin closely misses you.
You hit the hobgoblin.
The hobgoblin is almost dead.
The hobgoblin hits you.
You die...

## ##.# ### #...
#.# #..##.#
#g.#.# ##@#.## #
#####.....####.#
..............#
#####..>..####.#
##)#.## # #.#...
#<#.###
#######)#.#
....<..†..#


You could see a hobgoblin.

Vanquished Creatures
  An ooze (D:2)
  4 bats
  A goblin (D:2)
  A hobgoblin (D:2)
  2 kobolds (D:2)
  A rat (D:1)
10 creatures vanquished.

Notes
Turn   | Place    | Note
-------+----------+-------------------------------------------
     0 | Abyss:1  | Lanoc the Deep Elf Abyssal Knight began the quest for the
                  | Orb.
     0 | Abyss:1  | Reached XP level 1. HP: 13/13 MP: 4/4
    42 | Abyss:1  | Noticed a wight
    55 | Abyss:1  | Noticed a mana viper
    70 | D:1      | Escaped the Abyss
   141 | D:1      | Reached * piety under Lugonu
   318 | D:2      | Reached XP level 2. HP: 6/18 MP: 5/5
   379 | D:2      | Slain by a hobgoblin

Illustrated notes

Levels and vault maps discovered:
D:1:      dpeg_arrival_pits, layout_rooms
D:2:      minmay_inner_zag, layout_loops_ring, grunt_temple_overflow_open,
          uniq_jessica, uniq_robin

Action                   || total
-------------------------++-------
Melee: Short sword       ||    49
Invok: Depart the Abyss  ||     1
  Use: Potion            ||     1
Armor: Leather armour    ||    28
Dodge: Dodged            ||    55

Table legend: (Time is in decaauts)
 A = Elapsed time spent in this place.
 B = Non-inter-level travel time spent in this place.
 C = Inter-level travel time spent in this place.
 D = Time resting spent in this place.
 E = Time spent auto-exploring this place.
 F = Levels seen in this place.
 G = Mean time per level.
                   A        B        C        D        E       F      G
               +--------+--------+--------+--------+--------+-----+--------+
         Total |    378 |    353 |     25 |     33 |    179 |   3 |  126.0 |
       Dungeon |    308 |    283 |     25 |     33 |    138 |   2 |  154.0 |
         Abyss |     70 |     70 |      0 |      0 |     41 |   1 |   70.0 |
               +--------+--------+--------+--------+--------+-----+--------+

Top non-repeatable levels by time:
     D:1: 210 daAuts
     D:2: 97 daAuts
 Abyss:1: 70 daAuts
